AoeStats
← game 4 fun

Black Forest

509603629Analyzed
4v4 RM · 4d ago on Sep 27, 2026· 53m 29s· 8 players
Game mode
Random Map
Map size
Large (8 player)
Population
200
Speed
Normal
Resources
Standard
Victory
Conquest
Starting age
Dark Age
Ending age
Imperial Age
RankedLock teamsTeams togetherTeam positionsShared explorationLock speedFull tech treeHidden civsTurbo modeCheats
Victory
Defeat
🇮🇳 Mongols · India
1195
+15
🇭🇰 Maya · Hong Kong SAR China
1166
+16
🇬🇧 Tatars · United Kingdom
1141
+17
🇬🇧 Saxons · United Kingdom
1064
+20
🇫🇮 Franks · Finland
1192
-18
🇨🇦 Goths · Canada
1190
-18
🇧🇷 Turks · Brazil
1185
-18
🇫🇮 Portuguese · Finland
1093
-14
Ali26026
5:49 Loom
11:49 Feudal Age
15:50 Castle Age
14:03 Double-Bit Axe
20:55 Wheelbarrow
23:12 Hand Cart
23:56 Bow Saw
26:02 Horse Collar
26:59 Heavy Plow
30:38 Imperial Age
28:04 Fletching
28:31 Gold Mining
28:33 Stone Mining
29:07 Forging
28:56 Bodkin Arrow
29:52 Padded Archer Armor
30:15 Ballistics
30:38 Gold Shaft Mining
30:40 Heavy Cavalry Archer
31:24 Silk Armor
31:45 Conscription
31:43 Bracer
31:58 Leather Archer Armor
33:02 Chemistry
33:02 Timurid Siegecraft
33:00 Siege Engineers
33:06 Masonry
50:49 Bloodlines
50:39 Husbandry
53:14 Caravan
game 4 fun
0:27 Loom
25:37 Feudal Age
27:00 Double-Bit Axe
29:28 Castle Age
27:35 Horse Collar
28:16 Fletching
28:49 Gold Mining
29:30 Crossbowman
30:42 Bow Saw
32:04 Bodkin Arrow
35:01 Wheelbarrow
34:13 Town Watch
34:25 Stone Mining
37:11 Padded Archer Armor
38:06 Stone Shaft Mining
37:53 Heavy Plow
38:53 Leather Archer Armor
39:43 Hand Cart
41:30 Thumb Ring
45:00 Imperial Age
42:43 Thumb Ring
42:53 Squires
42:13 Eagle Warrior
43:52 Ballistics
43:42 Scale Mail Armor
44:28 Arson
45:00 Chain Mail Armor
46:13 Plate Mail Armor
45:47 Bracer
46:13 Conscription
45:24 Elite Eagle Warrior
46:12 Arbalester
48:09 Holcans
48:08 Forging
49:16 Ring Archer Armor
49:50 Two-Man Saw
50:08 Iron Casting
50:08 Crop Rotation
51:19 Chemistry
50:16 Pikeman
52:34 Blast Furnace
51:29 Halberdier
53:10 Caravan
53:41 Coinage
53:22 Guilds
SHADE7
8:30 Loom
11:08 Feudal Age
16:04 Castle Age
15:00 Fletching
17:06 Padded Archer Armor
18:42 Bodkin Arrow
19:50 Bloodlines
20:02 Bloodlines
30:59 Husbandry
31:41 Leather Archer Armor
35:10 Horse Collar
37:19 Double-Bit Axe
38:27 Ballistics
43:47 Imperial Age
41:24 Heavy Plow
41:47 Bow Saw
42:02 Gold Mining
44:28 Bracer
45:30 Chemistry
44:38 Thumb Ring
45:00 Parthian Tactics
44:55 Fortified Wall
45:17 Conscription
45:47 Gold Shaft Mining
47:29 Wheelbarrow
46:59 Scale Mail Armor
47:10 Forging
47:48 Drill
46:49 Elite Mangudai
48:22 Hoardings
47:54 Capped Ram
48:55 Siege Ram
Edward794
0:30 Loom
11:59 Feudal Age
16:34 Castle Age
15:12 Double-Bit Axe
15:23 Horse Collar
19:30 Gold Mining
23:49 Bow Saw
26:18 Heavy Plow
31:27 Imperial Age
29:34 Wheelbarrow
28:45 Town Watch
30:25 Scale Mail Armor
30:35 Forging
30:46 Stone Mining
30:54 Man-at-Arms
31:21 Gambesons
31:36 Squires
31:23 Arson
31:57 Chain Mail Armor
32:01 Caravan
31:44 Long Swordsman
33:06 Iron Casting
32:09 Shield Wall
33:32 Conscription
32:34 Two-Handed Swordsman
33:49 Champion
35:19 Plate Mail Armor
34:42 Fletching
35:26 Crop Rotation
35:29 Hand Cart
35:15 Town Patrol
36:37 Capped Ram
37:32 Siege Ram
42:17 Elite Hearth Troop
43:34 Bodkin Arrow
44:50 Chemistry
43:59 Siege Engineers
44:08 Masonry
44:57 Bracer
45:51 Pikeman
46:29 Halberdier
47:26 Onager
52:45 Elite Varangian Guard
Jopska
2:16 Loom
12:31 Feudal Age
16:38 Castle Age
15:35 Double-Bit Axe
18:16 Bow Saw
23:32 Wheelbarrow
22:49 Town Watch
23:54 Gold Mining
24:01 Stone Mining
25:49 Gold Shaft Mining
31:28 Imperial Age
29:16 Forging
29:12 Scale Barding Armor
29:07 Scale Mail Armor
29:22 Masonry
29:09 Murder Holes
31:18 Husbandry
31:41 Chain Barding Armor
31:57 Iron Casting
31:33 Cavalier
33:05 Plate Barding Armor
32:37 Cavalier
34:10 Hand Cart
33:26 Pikeman
34:06 Squires
33:51 Arson
34:38 Conscription
34:40 Chain Mail Armor
35:26 Blast Furnace
33:49 Paladin
35:56 Plate Mail Armor
36:49 Fletching
37:34 Architecture
38:07 Chemistry
37:28 Ballistics
36:55 Treadmill Crane
37:23 Siege Engineers
39:33 Hoardings
38:20 Halberdier
41:28 Hoardings
45:38 Caravan
48:21 Light Cavalry
Matti
6:48 Loom
11:57 Feudal Age
12:56 Town Watch
16:49 Castle Age
15:07 Fletching
21:37 Loom
32:22 Imperial Age
32:40 Gold Mining
36:25 Capped Ram
38:38 Onager
39:03 Elite Skirmisher
41:26 Conscription
43:17 Chemistry
42:38 Ballistics
43:23 Arquebus
44:54 Town Patrol
45:30 Wheelbarrow
45:38 Wheelbarrow
45:03 Double-Bit Axe
45:36 Murder Holes
45:59 Bow Saw
47:32 Padded Archer Armor
48:22 Thumb Ring
48:40 Bodkin Arrow
48:29 Treadmill Crane
51:25 Bracer
51:46 Masonry
53:50 Leather Archer Armor
DropDongHitBong420
0:25 Loom
25:26 Feudal Age
29:17 Castle Age
29:34 Double-Bit Axe
38:00 Castle Age
44:02 Town Watch
Makarov99
2:16 Loom
11:52 Feudal Age
16:17 Castle Age
14:12 Horse Collar
14:35 Double-Bit Axe
17:27 Heavy Plow
17:44 Bow Saw
22:57 Gold Mining
24:12 Gold Shaft Mining
24:57 Stone Mining
25:37 Scale Barding Armor
27:00 Wheelbarrow
31:07 Imperial Age
29:27 Bloodlines
29:18 Husbandry
30:34 Chain Barding Armor
31:44 Hand Cart
31:17 Town Watch
33:51 Padded Archer Armor
33:42 Fletching
34:28 Plate Barding Armor
37:27 Leather Archer Armor
37:08 Bodkin Arrow
40:42 Ring Archer Armor
40:12 Bracer
40:23 Forging
Connection lost

Rejoining the realm…

Still unreachable

The connection could not be restored.

Session expired

The server has moved on; the page needs a fresh start.